TOP OF THE 1ST |
Hudsonville Flanderses batting - Pitching for Quebec Rookies : RHP Manuel Ruíz
|
Pitching: RHP Manuel Ruíz
|
|
Batting: RHB Juho Hovinen
|
0-0: Ball 1-0: Ground out 5-3 (Groundball, 5)
|
Batting: RHB Olkhovsky Gennadiyevich
|
0-0: Called Strike 0-1: Foul Ball, location: 2F 0-2: Strikes out looking
|
Batting: RHB Tora Tora
|
0-0: Swinging Strike 0-1: Fly out, F7 (Flyball, 78D)
|
Top of the 1st over - 0 runs, 0 hits, 0 errors, 0 left on base; Hudsonville 0 - Quebec 0 |
BOTTOM OF THE 1ST |
Quebec Rookies batting - Pitching for Hudsonville Flanderses : RHP Ken Bates
|
Pitching: RHP Ken Bates
|
|
Batting: RHB Alejandro Córdova
|
0-0: Ball 1-0: Ball 2-0: Ball 3-0: Base on Balls
|
Batting: RHB Justin Hunt
|
0-0: Ball 1-0: Called Strike 1-1: Reached on error, E4 (Groundball, 4) Alejandro Córdova to second
|
Batting: LHB Keith Pick
|
0-0: Ball 1-0: Called Strike 1-1: Foul Ball, location: 2F 1-2: Ball 2-2: Foul Ball, location: 2F 2-2: Ball 3-2: Fly out, F7 (Flyball, 7D)
|
Batting: RHB Christian Patriarche
|
0-0: Ball 1-0: Ball 2-0: Called Strike 2-1: Foul Ball, location: 2F 2-2: Ground out 6-3 (Groundball, 56D) Alejandro Córdova to third Justin Hunt to second
|
Batting: SHB Marx Vink
|
0-0: Called Strike 0-1: Fly out, F9 (Line Drive, 9S)
|
Bottom of the 1st over - 0 runs, 0 hits, 1 error, 2 left on base; Hudsonville 0 - Quebec 0 |
TOP OF THE 2ND |
Hudsonville Flanderses batting - Pitching for Quebec Rookies : RHP Manuel Ruíz
|
Batting: RHB Nihad Boja
|
0-0: Ball 1-0: Foul Ball, location: 2F 1-1: Foul Ball, location: 2F 1-2: Ball 2-2: Ball 3-2: Fly out, F7 (Flyball, 78M)
|
Batting: RHB Dan Kennedy
|
0-0: Called Strike 0-1: Fly out, F8 (Flyball, 89D)
|
Batting: LHB Juan Fuentes
|
0-0: Fly out, F8 (Flyball, 8RD)
|
Top of the 2nd over - 0 runs, 0 hits, 0 errors, 0 left on base; Hudsonville 0 - Quebec 0 |
BOTTOM OF THE 2ND |
Quebec Rookies batting - Pitching for Hudsonville Flanderses : RHP Ken Bates
|
Batting: RHB Jesús Gómez
|
0-0: DOUBLE (Line Drive, 89D)
|
Batting: LHB Arturo Durango
|
0-0: Ball 1-0: Ball 2-0: Ball 3-0: Called Strike 3-1: Foul Ball, location: 2F 3-2: Foul Ball, location: 2F 3-2: Foul Ball, location: 2F 3-2: Ground out U3 (Groundball, 34) Jesús Gómez to third
|
Batting: RHB Punisa Tukovic
|
0-0: Called Strike 0-1: Fly out, F7 (Flyball, 78D) Runner from 3rd tags up, SCORES, throw made
|
Batting: RHB Joe Morris
|
0-0: Foul Ball, location: 2F 0-1: Ball 1-1: Foul Ball, location: 2F 1-2: Ball 2-2: Ball 3-2: Foul Ball, location: 2F 3-2: Ground out U3 (Groundball, 34)
|
Bottom of the 2nd over - 1 run, 1 hit, 0 errors, 0 left on base; Hudsonville 0 - Quebec 1 |
TOP OF THE 3RD |
Hudsonville Flanderses batting - Pitching for Quebec Rookies : RHP Manuel Ruíz
|
Batting: RHB Raúl Colomo
|
0-0: Called Strike 0-1: SINGLE (Groundball, 56D)
|
Batting: LHB Carlos Castro
|
0-0: Ball 1-0: Swinging Strike 1-1: Ball 2-1: Reached on error, E4 (Groundball, 4) Raúl Colomo to second
|
Batting: RHB Jasper Humphrey
|
0-0: Ball 1-0: Ball 2-0: Foul Ball, location: 2F 2-1: Foul Ball, location: 2F 2-2: Foul Ball, location: 2F 2-2: Foul Ball, location: 2F 2-2: Foul Ball, location: 2F 2-2: Fly out, F7 (Flyball, 7S)
|
Batting: RHB Juho Hovinen
|
0-0: Ball 1-0: Ball 2-0: Called Strike 2-1: Foul Ball, location: 2F 2-2: Strikes out swinging
|
Batting: RHB Olkhovsky Gennadiyevich
|
0-0: Ball 1-0: Foul Ball, location: 2F 1-1: Swinging Strike 1-2: Strikes out looking
|
Top of the 3rd over - 0 runs, 1 hit, 1 error, 2 left on base; Hudsonville 0 - Quebec 1 |
BOTTOM OF THE 3RD |
Quebec Rookies batting - Pitching for Hudsonville Flanderses : RHP Ken Bates
|
Batting: RHB Alejandro Córdova
|
0-0: Called Strike 0-1: Swinging Strike 0-2: Ball 1-2: Foul Ball, location: 2F 1-2: Ball 2-2: Foul Ball, location: 2F 2-2: Foul Ball, location: 2F 2-2: Ball 3-2: SINGLE (Line Drive, 6)
|
Batting: RHB Justin Hunt
|
0-0: Ball 1-0: Foul Ball, location: 2F 1-1: Foul Ball, location: 2F 1-2: Strikes out swinging
|
Batting: LHB Keith Pick
|
0-0: Ball 1-0: Ball 2-0: Called Strike 2-1: Swinging Strike 2-2: Ball 3-2: Base on Balls Alejandro Córdova to second
|
Batting: RHB Christian Patriarche
|
0-0: Swinging Strike 0-1: Called Strike 0-2: Strikes out looking
|
Batting: SHB Marx Vink
|
0-0: Ball 1-0: Called Strike 1-1: Ground out 4-3 (Groundball, 4)
|
Bottom of the 3rd over - 0 runs, 1 hit, 0 errors, 2 left on base; Hudsonville 0 - Quebec 1 |
TOP OF THE 4TH |
Hudsonville Flanderses batting - Pitching for Quebec Rookies : RHP Manuel Ruíz
|
Batting: RHB Tora Tora
|
0-0: Ball 1-0: Called Strike 1-1: Fly out, F7 (Flyball, 7LSF)
|
Batting: RHB Nihad Boja
|
0-0: Called Strike 0-1: Fly out, F4 (Popup, 4S)
|
Batting: RHB Dan Kennedy
|
0-0: Foul Ball, location: 2F 0-1: Foul Ball, location: 2F 0-2: Ball 1-2: Ground out 6-3 (Groundball, 6)
|
Top of the 4th over - 0 runs, 0 hits, 0 errors, 0 left on base; Hudsonville 0 - Quebec 1 |
BOTTOM OF THE 4TH |
Quebec Rookies batting - Pitching for Hudsonville Flanderses : RHP Ken Bates
|
Batting: RHB Jesús Gómez
|
0-0: Swinging Strike 0-1: Ball 1-1: SINGLE (Groundball, 56S) (infield hit)
|
Batting: LHB Arturo Durango
|
0-0: Ball 1-0: Ball 2-0: Swinging Strike 2-1: Swinging Strike 2-2: Foul Ball, location: 2F 2-2: SINGLE (Groundball, 56D) Jesús Gómez to second
|
Batting: RHB Punisa Tukovic
|
0-0: Ball 1-0: Ground out 3-1 (Groundball, 34S) Jesús Gómez to third Arturo Durango to second
|
Batting: RHB Joe Morris
|
0-0: SINGLE (Groundball, 56S) (infield hit) Jesús Gómez scores Arturo Durango to third
|
Batting: RHB Alejandro Córdova
|
0-0: Ball 1-0: Foul Ball, location: 2F 1-1: Called Strike 1-2: Ball 2-2: Strikes out swinging
|
Pitching: RHP Jorge Lugo
|
|
Batting: RHB Justin Hunt
|
0-0: Called Strike 0-1: Ball 1-1: Ball 2-1: Ball 3-1: Reached on error, E6 (Groundball, 6) Arturo Durango scores Joe Morris to second
|
Batting: LHB Keith Pick
|
0-0: Ball 1-0: Called Strike 1-1: Fly out, F5 (Popup, 56S)
|
Bottom of the 4th over - 2 runs, 3 hits, 1 error, 2 left on base; Hudsonville 0 - Quebec 3 |
TOP OF THE 5TH |
Hudsonville Flanderses batting - Pitching for Quebec Rookies : RHP Manuel Ruíz
|
Batting: LHB Juan Fuentes
|
0-0: Called Strike 0-1: Ball 1-1: Swinging Strike 1-2: Strikes out swinging
|
Batting: RHB Raúl Colomo
|
0-0: Foul Ball, location: 2F 0-1: Ball 1-1: Foul Ball, location: 2F 1-2: Ball 2-2: Strikes out swinging
|
Batting: LHB Carlos Castro
|
0-0: Called Strike 0-1: Ball 1-1: Ball 2-1: Foul Ball, location: 2F 2-2: Ball 3-2: Base on Balls
|
Batting: RHB Jasper Humphrey
|
0-0: Called Strike 0-1: Ball 1-1: Ball 2-1: Called Strike 2-2: SINGLE (Flyball, 89S) Carlos Castro to second
|
Batting: RHB Juho Hovinen
|
0-0: Fly out, F5 (Popup, 5SF)
|
Top of the 5th over - 0 runs, 1 hit, 0 errors, 2 left on base; Hudsonville 0 - Quebec 3 |
BOTTOM OF THE 5TH |
Quebec Rookies batting - Pitching for Hudsonville Flanderses : RHP Jorge Lugo
|
Batting: RHB Christian Patriarche
|
0-0: Ball 1-0: SINGLE (Groundball, 56D)
|
Batting: SHB Marx Vink
|
0-0: SINGLE (Groundball, 6MD) Christian Patriarche to second Runner from 2nd tries for 3rd, SAFE, throw made to third
|
Batting: RHB Jesús Gómez
|
0-0: Called Strike 0-1: Ball 1-1: Ball 2-1: Ball 3-1: Base on Balls Marx Vink to second
|
Batting: LHB Arturo Durango
|
0-0: Ball 1-0: Called Strike 1-1: Ball 2-1: Fly out, F9 (Flyball, 9)
|
Batting: RHB Punisa Tukovic
|
0-0: Ball 1-0: Fielders Choice at 2nd, 3-6 (Groundball, 34) Christian Patriarche scores Marx Vink to third
|
Batting: RHB Joe Morris
|
0-0: Called Strike 0-1: Ground out 4-3 (Groundball, 4)
|
Bottom of the 5th over - 1 run, 2 hits, 0 errors, 2 left on base; Hudsonville 0 - Quebec 4 |
TOP OF THE 6TH |
Hudsonville Flanderses batting - Pitching for Quebec Rookies : RHP Manuel Ruíz
|
Batting: RHB Olkhovsky Gennadiyevich
|
0-0: Called Strike 0-1: Ball 1-1: Ground out 5-3 (Groundball, 56)
|
Batting: RHB Tora Tora
|
0-0: Ball 1-0: Ball 2-0: Called Strike 2-1: Ball 3-1: Called Strike 3-2: Strikes out looking
|
Batting: RHB Nihad Boja
|
0-0: Ball 1-0: Foul Ball, location: 2F 1-1: Ball 2-1: Called Strike 2-2: Strikes out swinging
|
Top of the 6th over - 0 runs, 0 hits, 0 errors, 0 left on base; Hudsonville 0 - Quebec 4 |
BOTTOM OF THE 6TH |
Quebec Rookies batting - Pitching for Hudsonville Flanderses : RHP Jorge Lugo
|
Batting: RHB Alejandro Córdova
|
0-0: Foul Ball, location: 2F 0-1: Ball 1-1: Ball 2-1: Foul Ball, location: 2F 2-2: Foul Ball, location: 2F 2-2: Ball 3-2: DOUBLE (Groundball, 5L)
|
Batting: RHB Justin Hunt
|
0-0: Ball 1-0: Ball 2-0: Called Strike 2-1: Foul Ball, location: 2F 2-2: Foul Ball, location: 2F 2-2: Ground out 5-3 (Groundball, 5)
|
Batting: LHB Keith Pick
|
0-0: Intentional Walk
|
Batting: RHB Christian Patriarche
|
0-0: Ball 1-0: Foul Ball, location: 2F 1-1: 3-RUN HOME RUN (Flyball, 78XD), Distance : 435 ft
|
Batting: SHB Marx Vink
|
0-0: Called Strike 0-1: Ball 1-1: Foul Ball, location: 2F 1-2: Ball 2-2: Foul Ball, location: 2F 2-2: SINGLE (Line Drive, 3D)
|
Batting: RHB Jesús Gómez
|
0-0: Ball 1-0: Called Strike 1-1: Foul Ball, location: 2F 1-2: SINGLE (Line Drive, 6) Marx Vink to second Runner from 2nd tries for 3rd, SAFE, no throw
|
Batting: LHB Arturo Durango
|
0-0: Called Strike Jesús Gómez steals 2nd base 0-1: Ball 1-1: SINGLE (Groundball, 6S) (infield hit) Marx Vink scores Jesús Gómez to third
|
Batting: RHB Punisa Tukovic
|
0-0: Called Strike Arturo Durango steals 2nd base 0-1: Foul Ball, location: 2F 0-2: Ball 1-2: SINGLE (Flyball, 34D) Jesús Gómez scores Arturo Durango to third
|
Batting: RHB Joe Morris
|
0-0: Ball Punisa Tukovic steals 2nd base 1-0: SINGLE (Groundball, 6MD) Arturo Durango scores Punisa Tukovic to third Runner from 3rd tries for Home, SAFE, throw made home
|
Batting: RHB Alejandro Córdova
|
0-0: Called Strike 0-1: Swinging Strike 0-2: Ball 1-2: Ball 2-2: Foul Ball, location: 2F 2-2: Ball 3-2: Fly out, F8 (Line Drive, 78XD)
|
Batting: RHB Justin Hunt
|
0-0: Ball 1-0: Fielders Choice at 2nd, U4 (Groundball, 4M)
|
Bottom of the 6th over - 7 runs, 7 hits, 0 errors, 1 left on base; Hudsonville 0 - Quebec 11 |
TOP OF THE 7TH |
Hudsonville Flanderses batting - Pitching for Quebec Rookies : RHP Manuel Ruíz
|
Batting: RHB Dan Kennedy
|
0-0: Called Strike 0-1: SINGLE (Flyball, 89M)
|
Batting: LHB Juan Fuentes
|
0-0: Foul Ball, location: 2F 0-1: Ball 1-1: Grounds into double play, 6-4-3 (Groundball, 6)
|
Batting: RHB Raúl Colomo
|
0-0: Foul Ball, location: 2F 0-1: Foul Ball, location: 2F 0-2: Foul Ball, location: 2F 0-2: Strikes out looking
|
Top of the 7th over - 0 runs, 1 hit, 0 errors, 0 left on base; Hudsonville 0 - Quebec 11 |
BOTTOM OF THE 7TH |
Quebec Rookies batting - Pitching for Hudsonville Flanderses : RHP Jorge Lugo
|
Batting: LHB Keith Pick
|
0-0: Ball 1-0: Called Strike 1-1: Swinging Strike 1-2: Ball 2-2: Ball 3-2: Foul Ball, location: 2F 3-2: Base on Balls
|
Pinch Hitting: RHB Albert Montoya
|
0-0: Ball 1-0: SINGLE (Line Drive, 9S) Keith Pick to second
|
Batting: SHB Marx Vink
|
0-0: DOUBLE (Line Drive, 9D) Keith Pick scores Albert Montoya to third Runner from 3rd tries for Home, SAFE, no throw
|
Batting: RHB Jesús Gómez
|
0-0: Called Strike 0-1: DOUBLE (Flyball, 89D) Marx Vink scores
|
Batting: LHB Arturo Durango
|
0-0: Called Strike 0-1: Fly out, F4 (Line Drive, 4)
|
Batting: RHB Punisa Tukovic
|
0-0: Called Strike 0-1: Ball 1-1: Ball 2-1: SINGLE (Groundball, 6MD) Jesús Gómez to third Runner from 3rd tries for Home, SAFE, no throw
|
Batting: RHB Joe Morris
|
0-0: Foul Ball, location: 2F 0-1: Called Strike 0-2: Ball 1-2: Ball 2-2: Grounds into double play, 6-4-3 (Groundball, 56)
|
Bottom of the 7th over - 4 runs, 4 hits, 0 errors, 0 left on base; Hudsonville 0 - Quebec 15 |
TOP OF THE 8TH |
Hudsonville Flanderses batting - Pitching for Quebec Rookies : RHP Manuel Ruíz
|
Now at C: António Sánchez
|
|
Now at 3B: Albert Montoya
|
|
Batting: LHB Carlos Castro
|
0-0: Ball 1-0: Called Strike 1-1: Ball 2-1: Foul Ball, location: 2F 2-2: Fly out, F9 (Flyball, 89D)
|
Batting: RHB Jasper Humphrey
|
0-0: Ball 1-0: Ball 2-0: Fly out, F6 (Flyball, 6D)
|
Batting: RHB Juho Hovinen
|
0-0: Fly out, F8 (Flyball, 8RS)
|
Top of the 8th over - 0 runs, 0 hits, 0 errors, 0 left on base; Hudsonville 0 - Quebec 15 |
BOTTOM OF THE 8TH |
Quebec Rookies batting - Pitching for Hudsonville Flanderses : RHP Jorge Lugo
|
Pitching: LHP Masaki Ito
|
|
Batting: RHB Alejandro Córdova
|
0-0: Foul Ball, location: 2F 0-1: Foul Ball, location: 2F 0-2: Ball 1-2: SINGLE (Groundball, 4MD)
|
Batting: RHB Justin Hunt
|
0-0: Fielders Choice at 2nd, 6-4 (Groundball, 6)
|
Batting: LHB Keith Pick
|
0-0: Ball 1-0: Ball Wild Pitch! Justin Hunt to second 2-0: Fly out, F9 (Flyball, 89M)
|
Batting: RHB Albert Montoya
|
0-0: Ball 1-0: Ball 2-0: Ball 3-0: Base on Balls
|
Batting: SHB Marx Vink
|
0-0: Ball 1-0: Ball 2-0: Ball 3-0: Called Strike 3-1: Base on Balls Justin Hunt to third Albert Montoya to second
|
Batting: RHB Jesús Gómez
|
0-0: Called Strike 0-1: Ball 1-1: Ball 2-1: Swinging Strike 2-2: SINGLE (Groundball, 5S) (infield hit) Justin Hunt scores Albert Montoya to third Marx Vink to second
|
Batting: RHB António Sánchez
|
0-0: Ball 1-0: Ball 2-0: Ball 3-0: Base on Balls Albert Montoya scores Marx Vink to third Jesús Gómez to second
|
Batting: RHB Punisa Tukovic
|
0-0: Ball 1-0: Ball 2-0: Called Strike 2-1: DOUBLE (Groundball, 5L) Marx Vink scores Jesús Gómez scores António Sánchez to third
|
Batting: RHB Joe Morris
|
0-0: Ball 1-0: Swinging Strike 1-1: Swinging Strike 1-2: Strikes out looking
|
Bottom of the 8th over - 4 runs, 3 hits, 0 errors, 2 left on base; Hudsonville 0 - Quebec 19 |
TOP OF THE 9TH |
Hudsonville Flanderses batting - Pitching for Quebec Rookies : RHP Manuel Ruíz
|
Batting: RHB Olkhovsky Gennadiyevich
|
0-0: Ball 1-0: SINGLE (Groundball, 34D)
|
Batting: RHB Tora Tora
|
0-0: Ball 1-0: Called Strike 1-1: Fly out, F9 (Flyball, 9S)
|
Batting: RHB Nihad Boja
|
0-0: Ball 1-0: Called Strike 1-1: Ball 2-1: Foul Ball, location: 2F 2-2: Strikes out looking
|
Batting: RHB Dan Kennedy
|
0-0: Called Strike 0-1: Foul Ball, location: 2F 0-2: Ball 1-2: Strikes out swinging
|
Top of the 9th over - 0 runs, 1 hit, 0 errors, 1 left on base; Hudsonville 0 - Quebec 19 |
|